 Dungeon Crawl Stone Soup version 0.18-a0-1120-g03bd624 (webtiles) character file.

3084 gorblad the Shield-Bearer (level 9, -3/74 HPs)
             Began as a Demigod Fighter on Jan 17, 2016.
             Slain by an iron golem (15 damage)
             ... on level 9 of the Dungeon.
             The game lasted 00:20:01 (7693 turns).

gorblad the Shield-Bearer (Demigod Fighter)         Turns: 7693, Time: 00:20:02

Health: -3/74      AC: 12    Str: 30    XL:     9   Next: 33%
Magic:  11/11      EV:  7    Int: 12    God:
Gold:   318        SH: 14    Dex: 15    Spells: 0 memorised, 8 levels left

rFire  . . .     SeeInvis .     a - +3 long sword (slice)
rCold  . . .     Gourm    .     b - +0 scale mail
rNeg   . . .     Faith    .     e - +2 shield {AC+3}
rPois  .         Spirit   .     n - +1 hat
rElec  .         Dismiss  .     i - +0 cloak
rCorr  .         Reflect  .     (no gloves)
SustAt +         Harm     .     (no boots)
MR     +....                    (no amulet)
Stlth  ..........               r - ring of protection from magic
                                j - ring of sustain attributes

@: mighty, very slightly contaminated, hasted, very quick, somewhat resistant to
hostile enchantments, extremely unstealthy
A: high mp 1, sustain attributes
a: no special abilities


You were on level 9 of the Dungeon.
You were hungry.

You visited 2 branches of the dungeon, and saw 10 of its levels.

You collected 318 gold pieces.

Inventory:

Hand Weapons
 a - a +3 long sword of slicing (weapon)
Armour
 b - a +0 scale mail (worn)
 c - a +0 shield
 e - a +2 shield of protection (worn)
 i - a +0 cloak (worn)
 n - a +1 hat (worn)
Jewellery
 j - a ring of sustain attributes (left hand)
 r - a ring of protection from magic (right hand)
Wands
 x - a wand of slowing (10/48)
 y - a wand of teleportation (6/9)
 B - a wand of digging (17/24)
 C - a wand of frost (15/48)
 D - a wand of fire (5/15)
Scrolls
 k - a scroll of fog
 p - a scroll of blinking
 q - 3 scrolls of remove curse
 t - 2 scrolls of amnesia
 w - 2 scrolls of recharging
 E - a scroll of teleportation
Potions
 d - 2 potions of might
 h - 3 potions of brilliance
 u - a potion of curing
Books
 s - a book of Air

   Spells                             Type                      Level
   a - Shock                          Conjuration/Air              1
   b - Swiftness                      Charms/Air                   2
   c - Repel Missiles                 Charms/Air                   2
   d - Static Discharge               Conjuration/Air              3
   e - Lightning Bolt                 Conjuration/Air              5
Comestibles
 f - 2 bread rations
 g - a beef jerky
 m - 2 royal jellies
 o - a slice of pizza
 z - 2 meat rations


   Skills:
 + Level 5.4 Fighting
 + Level 5.1 Long Blades
 + Level 5.8 Armour
 + Level 5.8 Dodging
 + Level 1.1 Stealth
 + Level 7.0 Shields


You had 8 spell levels left.
You didn't know any spells.

Dungeon Overview and Level Annotations

Branches:
Dungeon (9/15)             Temple (1/1) D:5
   Lair: D:8-11         Orc: D:9-12


Innate Abilities, Weirdness & Mutations

You have an increased reservoir of magic (+10% MP).
Your attributes are resistant to harm.


Message History

You block the iron golem's attack. x2
You slash the iron golem!
The iron golem is almost destroyed.
The iron golem barely misses you. The iron golem misses you.
You slash the iron golem!
The iron golem is almost destroyed.
The iron golem misses you.
You hit the iron golem but do no damage.
The iron golem is almost destroyed.
The iron golem hits you! The iron golem hits you!!
* * * LOW HITPOINT WARNING * * *
You are too injured to fight recklessly!
You are too injured to fight recklessly!
You are too injured to fight recklessly!
You are too injured to fight recklessly!
You are too injured to fight recklessly!
You are too injured to fight recklessly!
You are too injured to fight recklessly!
The iron golem hits you!
You die...

##########
.......8@#
.......88#
#########.8#
#.......#..#
#.......#..#
.#..($$..#..#
....$}$.8...#
.#..$$$..#..#
#.......#..#


You could see 4 iron golems.

Vanquished Creatures
  Sigmund (D:6)
  A sky beast (D:5)
  An orc warrior (D:7)
  2 ice beasts
  A necrophage (D:5)
  4 phantoms
  A centaur (D:5)
  4 ogres
  4 giant frogs
  3 scorpions
  A water moccasin skeleton (D:4)
  4 crimson imps
  A giant frog zombie (D:7)
  A jelly (D:7)
  3 orc priests
  2 hounds
  12 orc wizards
  3 iguanas
  5 worker ants
  A hound zombie (D:5)
  A hound skeleton (D:4)
  Robin (D:3)
  6 gnolls
  12 adders
  A shadow imp (D:8)
  2 adder zombies
  2 oozes
  4 worms
  2 giant geckos (D:6)
  30 orcs
  2 ball pythons
  5 giant cockroaches
  9 hobgoblins
  13 jackals
  3 quokkas
  5 bats
  6 giant newts
  18 goblins
  A jackal zombie (D:6)
  5 kobolds
  A quokka skeleton (D:5)
  8 rats
192 creatures vanquished.

Notes
Turn   | Place    | Note
--------------------------------------------------------------
     0 | D:1      | gorblad the Demigod Fighter began the quest for the Orb.
     0 | D:1      | Reached XP level 1. HP: 18/18 MP: 3/3
   201 | D:1      | Reached skill level 3 in Armour
   234 | D:1      | Reached XP level 2. HP: 23/25 MP: 4/4
   924 | D:2      | Reached XP level 3. HP: 13/30 MP: 5/5
  1163 | D:2      | Found an iron altar of Okawaru.
  1509 | D:2      | Reached skill level 1 in Dodging
  1509 | D:2      | Reached XP level 4. HP: 33/38 MP: 6/6
  2009 | D:3      | Noticed Robin
  2033 | D:3      | Gained mutation: You have large cloven feet. [potion of mutation]
  2033 | D:3      | Gained mutation: Your body sometimes deteriorates upon taking damage. [potion of mutation]
  2033 | D:3      | Gained mutation: Your system is resistant to poisons. [potion of mutation]
  2078 | D:3      | Killed Robin
  2330 | D:3      | Found an iron altar of Okawaru.
  2449 | D:3      | Reached XP level 5. HP: 9/45 MP: 7/7
  2495 | D:3      | Reached skill level 4 in Shields
  3109 | D:4      | Reached skill level 1 in Stealth
  3227 | D:4      | Reached XP level 6. HP: 27/51 MP: 8/8
  4037 | D:4      | Reached XP level 7. HP: 54/58 MP: 9/9
  4171 | D:5      | Entered Level 5 of the Dungeon
  4264 | D:5      | Reached skill level 5 in Shields
  4733 | D:5      | Found a staircase to the Ecumenical Temple.
  4751 | Temple   | Entered the Ecumenical Temple
  4926 | D:5      | Reached XP level 8. HP: 66/66 MP: 10/10
  5277 | D:6      | Noticed Sigmund
  5285 | D:6      | Killed Sigmund
  5285 | D:6      | Reached skill level 5 in Armour
  5294 | D:6      | Found a glowing golden altar of the Shining One.
  5436 | D:6      | Noticed an angel
  5437 | D:6      | Found a glowing silver altar of Zin.
  5438 | D:6      | Found a shimmering altar of Xom.
  5448 | D:6      | Reached skill level 6 in Shields
  5585 | D:6      | Reached skill level 5 in Dodging
  5781 | D:7      | Reached skill level 5 in Fighting
  5997 | D:7      | Found a blossoming altar of Fedhas.
  6366 | D:7      | Reached XP level 9. HP: 52/74 MP: 11/11
  6628 | D:7      | Gained mutation: You have supernaturally acute eyesight. [potion of mutation]
  6628 | D:7      | Gained mutation: You regenerate slowly when monsters are visible. [potion of mutation]
  6628 | D:7      | Lost mutation: Your system is resistant to poisons. [potion of mutation]
  6629 | D:7      | Lost mutation: Your body sometimes deteriorates upon taking damage. [potion of cure mutation]
  6629 | D:7      | Lost mutation: You have supernaturally acute eyesight. [potion of cure mutation]
  6629 | D:7      | Lost mutation: You have large cloven feet. [potion of cure mutation]
  6631 | D:7      | Lost mutation: You regenerate slowly when monsters are visible. [potion of cure mutation]
  6867 | D:8      | Found an opulent altar of Gozag.
  6991 | D:8      | Reached skill level 5 in Long Blades
  7222 | D:8      | Found a sacrificial altar of Ru.
  7402 | D:9      | Reached skill level 7 in Shields
  7409 | D:9      | Noticed an iron golem
  7409 | D:9      | Noticed an iron golem
  7409 | D:9      | Noticed an iron golem
  7409 | D:9      | Noticed an iron golem
  7693 | D:9      | Slain by an iron golem

Vault maps used:
D:1:      dpeg_arrival_radiant
D:2:      solitary_fountain, kennysheep_okawaru_gauntlet
D:3:      old_standard_altar, uniq_robin
D:4:      dk_noncrumbling_3
D:5:      minmay_temple_entry_grid, first_bread
D:6:      grunt_temple_overflow_order_and_chaos_1, tso_metal_star, uniq_sigmund
D:7:      fedhas_altar_4
D:8:      overflow_temple_1_default, marbit_many_paths
D:9:      cheibrodos_stairvault_heist, lemuel_mausoleum_altar_yredelemnul,
          erik_orc_1, the_bakery
Temple:   water_room_temple_b_12

Action                   |  1- 3 |  4- 6 |  7- 9 || total
-------------------------+-------+-------+-------++-------
Melee: Long sword        |   159 |   276 |   417 ||   852
  Use: Scroll            |     2 |     5 |    13 ||    20
       Potion            |       |     2 |     5 ||     7
  Eat: Chunk             |     2 |     9 |    12 ||    23
